 Dungeon Crawl Stone Soup version 0.29-a0-284-gf9362112df (webtiles) character file.

Game seed: 13417724964140617638

98 pascalblue the Grave Robber (level 4, -5/24 HPs)
             Began as a Deep Elf Necromancer on Mar 16, 2022.
             Slain by Sigmund
             ... wielding a +2 scythe of venom
              (10 damage)
             ... on level 3 of the Dungeon.
             The game lasted 00:06:22 (2734 turns).

pascalblue the Grave Robber (Deep Elf Necromancer)  Turns: 2734, Time: 00:06:22

Health: -5/24      AC:  2    Str:  5    XL:     4   Next: 43%
Magic:  6/12       EV: 12    Int: 22    God:
Gold:   45         SH:  0    Dex: 15    Spells: 5/11 levels left

rFire   . . .      SeeInvis .   c - +0 dagger
rCold   . . .      Faith    .   (no shield)
rNeg    . . .      Spirit   .   a - +0 robe
rPois   .          Reflect  .   (no helmet)
rElec   .          Harm     .   (no cloak)
rCorr   .          Rampage  .   (no gloves)
Will    .....                   (no boots)
Stlth   ++........              (no amulet)
HPRegen 0.08/turn               (no ring)
MPRegen 0.13/turn               (no ring)

@: lethally poisoned (-5 -> -12)
A: no striking features
a: no special abilities


You were on level 3 of the Dungeon.
You visited 1 branch of the dungeon, and saw 3 of its levels.

You collected 45 gold pieces.

Inventory:

Hand Weapons
 c - a +0 dagger (weapon)
Armour
 a - a +0 robe (worn)
Wands
 h - a wand of flame (11)
Potions
 b - a potion of magic
 d - 4 potions of heal wounds
 e - a potion of curing
 f - a potion of ambrosia {unknown}
 i - 2 potions of degeneration
 k - a potion of flight
 l - a potion of mutation {unknown}
 m - a potion of berserk rage {unknown}


   Skills:
 - Level 2.4 Dodging
 - Level 2.4 Stealth
 + Level 4.2 Spellcasting
 * Level 6.3 Necromancy
 + Level 0.7 Translocations
 + Level 0.5 Evocations


You had 5 spell levels left.
You knew the following spells:

 Your Spells              Type           Power      Damage    Failure   Level
a - Pain                  Necr           100%       1d9       1%          1
b - Blink                 Tloc           16%        N/A       12%         2
c - Vampiric Draining     Necr           32%        2d8       2%          3

Your spell library contained the following spells:

 Spells                   Type           Power      Damage    Failure   Level
 Animate Skeleton         Necr           64%        N/A       1%          1
 Animate Dead             Necr           16%        N/A       8%          4
 Agony                    Necr           32%        N/A       22%         5
 Manifold Assault         Tloc           8%         N/A       91%         5
 Storm Form               Tmut/Air       2%         N/A       100%        7


Dungeon Overview and Level Annotations

Branches:
Dungeon (3/15)

Altars:

Annotations:
D:3 1 runed translucent door, Patoropollo's ghost, amateur DsFi; Sigmund


Message History

Sigmund writhes in agony.
Casting: Pain (safe; 1% risk of failure)
Confirm with . or Enter, or press ? or * to list all spells.
Aiming: Pain (safe; 1% risk of failure)
Press: ? - help, Shift-Dir - straight line, f/p - Sigmund
Aim: Sigmund, wielding a +2 scythe of venom and wearing a +2 robe of resistance (lightly wounded, chance to affect: 88%) Sigmund writhes in agony!
Casting: Pain (safe; 1% risk of failure)
Confirm with . or Enter, or press ? or * to list all spells.
Aiming: Pain (safe; 1% risk of failure)
Press: ? - help, Shift-Dir - straight line, f/p - Sigmund
Aim: Sigmund, wielding a +2 scythe of venom and wearing a +2 robe of resistance (moderately wounded, chance to affect: 88%) Sigmund writhes in agony!
Sigmund gestures at you while chanting. The puff of flame hits you.
Casting: Pain (safe; 1% risk of failure)
Confirm with . or Enter, or press ? or * to list all spells.
Aiming: Pain (safe; 1% risk of failure)
Press: ? - help, Shift-Dir - straight line, f/p - Sigmund
Aim: Sigmund, wielding a +2 scythe of venom and wearing a +2 robe of resistance (heavily wounded, chance to affect: 88%) Sigmund writhes in agony.
Sigmund hits you from afar with a +2 scythe of venom.
You are lethally poisoned!
Casting: Pain (safe; 1% risk of failure)
Confirm with . or Enter, or press ? or * to list all spells.
Aiming: Pain (safe; 1% risk of failure)
Press: ? - help, Shift-Dir - straight line, f/p - Sigmund
Aim: Sigmund, wielding a +2 scythe of venom and wearing a +2 robe of resistance (severely wounded, chance to affect: 88%) Sigmund writhes in agony.
You feel very sick.
Casting: Pain (safe; 1% risk of failure)
Confirm with . or Enter, or press ? or * to list all spells.
Aiming: Pain (safe; 1% risk of failure)
Press: ? - help, Shift-Dir - straight line, f/p - Sigmund
Aim: Sigmund, wielding a +2 scythe of venom and wearing a +2 robe of resistance (severely wounded, chance to affect: 88%) Sigmund writhes in agony.
* * * LOW HITPOINT WARNING * * *
You feel very sick.
Sigmund hits you from afar with a +2 scythe of venom!
You die...

≈≈....######### #.#..#....#
..............# #.#..####.#
#####.#######.#####.#.......#
#.##...........<...####.#
#.##.####.###.#.####
#.#<..........#..
#.##.####.###.#### #.#
#.########## #.. #...@.@.....
#.########## ###


You could see Sigmund.

Vanquished Creatures
  Jessica (D:3)
  An adder (D:2)
  A worm (D:2)
  A dart slug (D:1)
  An orc (D:2)
  5 endoplasms
  3 giant cockroaches
  11 goblins
  6 hobgoblins
  5 kobolds
  2 quokkas
  4 ball pythons
  3 bats
  6 frilled lizards
  3 rats
53 creatures vanquished.

Notes
Turn   | Place    | Note
-------+----------+-------------------------------------------
     0 | D:1      | pascalblue the Deep Elf Necromancer began the quest for the
                  | Orb.
     0 | D:1      | Reached XP level 1. HP: 10/10 MP: 6/6
    92 | D:1      | Reached skill level 5 in Necromancy
   276 | D:1      | Reached XP level 2. HP: 10/15 MP: 4/8
   717 | D:1      | You fall into a shaft and drop 1 floor!
   790 | D:2      | Reached XP level 3. HP: 12/19 MP: 3/10
  1362 | D:1      | Reached skill level 6 in Necromancy
  1503 | D:1      | Learned a level 2 spell: Blink
  2409 | D:2      | Reached XP level 4. HP: 20/24 MP: 8/12
  2508 | D:2      | Learned a level 3 spell: Vampiric Draining
  2620 | D:3      | Noticed Jessica
  2623 | D:3      | Killed Jessica
  2645 | D:3      | Found a runed translucent door.
  2645 | D:3      | Noticed Patoropollo's ghost (amateur DsFi)
  2645 | D:3      | Noticed a bullfrog
  2726 | D:3      | Noticed Sigmund
  2734 | D:3      | Slain by Sigmund

Illustrated notes

Levels and vault maps discovered:
D:1:      ncdulo_watergridlock, layout_basic, minmay_misc_feat_columns,
          nrook_campfire
D:2:      layout_loops_ring, minivault_23, minmay_pentomino_w2
D:3:      wander_river, layout_basic, ebering_ghost_inner_flame,
          minmay_statues_item, nicolae_figureground_pulse, uniq_sigmund,
          uniq_terence, uniq_jessica

Skill      XL: |  1  2  3 |
---------------+----------+-----
Necromancy     | 5 6 |  6.3
Spellcasting   | 4 |  4.2
Dodging        | |  2.4
Stealth        | |  2.4
Translocations | |  0.7
Evocations     | |  0.5

Action                   |  1- 3 |  4- 6 || total
-------------------------+-------+-------++-------
Melee: Dagger            |     3 |       ||     3
 Cast: Pain              |    74 |    14 ||    88
  Use: Scroll            |     7 |     1 ||     8
Armor: Robe              |     6 |       ||     6
Dodge: Dodged            |     6 |     1 ||     7

Table legend: (Time is in decaauts)
 A = Elapsed time spent in this place.
 B = Non-inter-level travel time spent in this place.
 C = Inter-level travel time spent in this place.
 D = Time resting spent in this place.
 E = Time spent auto-exploring this place.
 F = Levels seen in this place.
 G = Mean time per level.
                   A        B        C        D        E       F      G
               +--------+--------+--------+--------+--------+-----+--------+
         Total |   2734 |   2667 |     67 |      0 |   2337 |   3 |  911.3 |
       Dungeon |   2734 |   2667 |     67 |      0 |   2337 |   3 |  911.3 |
               +--------+--------+--------+--------+--------+-----+--------+

Top non-repeatable levels by time:
     D:1: 1386 daAuts
     D:2: 1153 daAuts
     D:3: 194 daAuts
